Map: Triton LE

Players

Erik

  • Race: Zerg Zerg
  • League: Master
  • Spawn Location: 5:00

iGiAsonu - Winner!

  • Race: Zerg Zerg
  • Spawn Location: 11:00

Event: NationWars 2019

VOD

Have the link to the VOD?

Description

Time

  • Played on: Nov. 13, 2019, 2:02 p.m.
  • Length: 14:50
Show
View Real Time Build Order
Export as new Build Order

Erik Zerg 

Build Orders: Pool First 

Get SALT Encoding   

  12  0:01  Drone  
  13  0:08  Drone  
  14  0:14  Extractor  
  14  0:15  Drone  
  15  0:21  Overlord  
  15  0:36  Spawning Pool  
  15  0:40  Drone  
  15  0:43  Drone  
  15  0:46  Drone  
  17  1:08  Hatchery  
  17  1:10  Extractor  
  15  1:12  Drone  
  16  1:23  Zergling x4  
  18  1:27  Zergling x2  
  18  1:32  Queen  
  21  1:40  Overlord  
  21  1:49  Drone  
  22  1:59  Drone  
  23  2:08  Queen  
  23  2:11  Drone  
  23  2:14  Metabolic Boost  
  26  2:21  Drone x2  
  28  2:31  Drone  
  28  2:32  Drone  
  30  2:40  Drone  
  30  2:42  Drone  
  32  2:44  Drone x2  
  32  2:47  Drone  
  33  2:57  Drone  
  33  3:00  Hatchery  
  33  3:01  Drone  
  33  3:07  Baneling Nest  
  33  3:09  Overlord  
  32  3:13  Zergling x2  
  32  3:16  Zergling x4  
  35  3:29  Zergling x12  
  41  3:37  Zergling x4  
  43  3:42  Zergling x2  
  44  3:53  Overlord x3  
  44  3:55  Baneling x2  
  44  3:58  Baneling x2  
  44  4:08  Evolution Chamber, Queen  
  44  4:16  Drone x7  
  40  4:31  Drone  
  40  4:32  Zergling x8  
  40  4:34  Drone x2, Zerg Missile Weapons Level 1  
  40  4:37  Zergling x4  
  49  4:43  Extractor  
  49  4:45  Roach Warren  
  47  4:48  Lair  
  46  4:56  Baneling  
  46  4:59  Zergling x12  
  51  5:03  Drone  
  51  5:04  Drone  
  51  5:07  Drone x2  
  54  5:08  Drone  
  54  5:12  Extractor  
  55  5:15  Drone  
  55  5:16  Drone  
  52  5:23  Zergling x6  
  52  5:24  Zergling x6  
  54  5:31  Drone x3  
  54  5:34  Drone  
  56  5:38  Queen  
  56  5:41  Drone x2  
  59  5:43  Drone x2  
  59  5:47  Drone  
  59  5:48  Glial Reconstitution  
  59  5:59  Drone x5  
  62  6:05  Roach  
  62  6:10  Spine Crawler x2, Roach  
  62  6:11  Roach  
  65  6:16  Roach x2  
  65  6:17  Roach x2  
  73  6:22  Spine Crawler  
  72  6:27  Overlord  
  72  6:28  Overlord  
  72  6:33  Evolution Chamber  
  67  6:40  Baneling  
  67  6:41  Baneling x2  
  67  6:42  Roach  
  67  6:43  Roach x2  
  73  6:47  Spire, Extractor  
  73  6:53  Roach x3  
  76  7:07  Evolution Chamber  
  74  7:09  Roach x5  
  74  7:13  Overlord x2  
  84  7:24  Overlord x2  
  84  7:26  Overlord x3  
  85  7:41  Roach x2  
  89  7:45  Pneumatized Carapace  
  89  7:53  Hatchery  
  88  8:01  Mutalisk x4  
  96  8:13  Mutalisk x2  
  100  8:22  Mutalisk  
  102  8:30  Overlord  
  102  8:36  Overlord  
  102  8:41  Roach x8  
  104  8:42  Roach  
  120  8:53  Roach  
  120  8:54  Roach x4  
  130  9:07  Roach  
  130  9:08  Roach x4  
  138  9:18  Queen  
  138  9:19  Drone x4  
  144  9:29  Mutalisk x2  
  144  9:43  Overlord  
  144  9:45  Roach x7  
  155  9:59  Roach x7  
  99  10:16  Roach x2  
  99  10:17  Roach  
  95  10:29  Drone x3  
  84  10:45  Drone x3  
  79  11:03  Drone  
  80  11:06  Mutalisk x3  
  84  11:18  Mutalisk x2  
  64  11:42  Mutalisk  
  64  11:45  Drone  
  67  11:52  Roach x3  
  73  11:58  Hatchery  
  72  12:09  Roach x4  
  80  12:21  Roach x3  
  88  12:37  Roach x2  
  90  12:55  Roach x6  
  102  13:12  Roach  
  110  13:13  Roach x3  
  110  13:36  Roach x5  
  110  13:41  Ravager x3  
  96  14:02  Ravager x3  
  83  14:24  Zergling x8  
Show
View Real Time Build Order
Export as new Build Order

iGiAsonu Zerg - Winner!

Build Orders: Hatch First 

Get SALT Encoding   

  12  0:01  Drone  
  13  0:12  Overlord  
  13  0:18  Drone  
  14  0:32  Drone x2  
  16  0:49  Hatchery  
  15  0:55  Drone x2  
  17  1:02  Drone  
  18  1:09  Extractor  
  17  1:16  Spawning Pool  
  17  1:17  Drone  
  17  1:21  Drone  
  18  1:29  Drone  
  19  1:40  Drone  
  20  1:51  Overlord  
  20  2:03  Drone x2, Queen  
  20  2:04  Queen  
  26  2:11  Metabolic Boost  
  26  2:12  Drone  
  26  2:13  Drone  
  28  2:22  Zergling x4  
  30  2:33  Zergling x4  
  30  2:34  Spore Crawler  
  30  2:44  Hatchery  
  30  2:48  Drone  
  28  2:52  Drone  
  28  2:57  Drone x2  
  31  3:04  Baneling Nest  
  30  3:08  Drone  
  30  3:10  Overlord  
  31  3:17  Drone x3  
  34  3:20  Drone  
  34  3:26  Drone  
  36  3:30  Drone x3  
  36  3:31  Drone  
  40  3:40  Zergling x4  
  41  3:45  Overlord  
  41  3:50  Baneling x2  
  41  3:52  Zergling x4  
  41  3:55  Overlord  
  43  3:56  Queen  
  43  4:02  Baneling x2  
  45  4:05  Zergling x10  
  50  4:11  Baneling  
  50  4:12  Baneling  
  50  4:14  Zergling x6  
  47  4:26  Baneling  
  44  4:33  Zergling x10  
  49  4:39  Extractor  
  49  4:40  Drone x3, Extractor  
  49  4:41  Roach Warren  
  49  4:45  Evolution Chamber  
  48  4:48  Drone x2  
  50  4:56  Overlord  
  50  4:57  Drone  
  50  5:01  Drone x2  
  50  5:02  Baneling  
  52  5:08  Overlord  
  49  5:21  Baneling x2  
  49  5:27  Roach x10  
  69  5:30  Roach  
  69  5:36  Roach  
  69  5:38  Roach x2  
  74  5:44  Roach x2  
  80  5:50  Roach x2  
  81  6:00  Overlord  
  81  6:08  Baneling  
  81  6:09  Baneling  
  81  6:12  Overlord  
  81  6:15  Overlord x2  
  81  6:19  Zergling x16  
  89  6:30  Zergling x12  
  96  6:32  Zergling x2  
  96  6:33  Zergling x2  
  95  6:41  Drone  
  95  6:43  Lair, Zerg Missile Weapons Level 1  
  95  6:45  Drone x2  
  98  6:48  Drone  
  98  6:53  Drone  
  100  6:54  Drone x2  
  102  7:03  Drone x4  
  102  7:05  Drone  
  101  7:09  Drone  
  102  7:17  Drone  
  102  7:20  Drone x6  
  102  7:21  Drone  
  110  7:28  Extractor, Overlord  
  110  7:29  Extractor  
  108  7:32  Overlord  
  108  7:33  Roach x2  
  112  7:38  Roach  
  112  7:41  Glial Reconstitution  
  114  7:47  Overlord  
  114  7:51  Roach x5  
  124  7:57  Overlord  
  124  7:58  Roach x2  
  128  8:00  Pneumatized Carapace  
  128  8:06  Roach x3  
  128  8:08  Overlord  
  134  8:18  Roach x5  
  144  8:22  Overlord  
  144  8:27  Overseer  
  144  8:28  Roach x3  
  150  8:36  Roach x2  
  150  8:38  Overlord  
  150  8:41  Nydus Network  
  153  8:42  Roach  
  153  8:45  Roach x2  
  159  8:49  Queen  
  159  8:52  Spore Crawler  
  160  8:56  Spore Crawler  
  160  8:57  Spore Crawler  
  158  9:04  Spore Crawler  
  158  9:05  Queen  
  158  9:07  Roach  
  158  9:08  Roach  
  163  9:15  Roach  
  163  9:16  Queen  
  165  9:20  Nydus Canal  
  165  9:21  Roach x2  
  165  9:23  Roach  
  167  9:27  Roach  
  167  9:34  Roach  
  167  9:36  Nydus Canal  
  167  9:37  Overlord  
  169  9:41  Spore Crawler  
  157  9:53  Nydus Canal  
  157  9:54  Roach x7  
  157  9:55  Roach  
  157  9:58  Roach  
  149  10:01  Roach  
  149  10:05  Roach  
  141  10:07  Roach  
  141  10:10  Roach  
  120  10:17  Roach x2  
  89  10:28  Drone x4  
  89  10:29  Drone x2  
  90  10:35  Drone  
  90  10:36  Drone  
  90  10:40  Drone  
  91  10:43  Roach x2  
  94  10:50  Queen  
  94  10:53  Roach x2  
  100  11:04  Roach x4  
  106  11:14  Queen  
  103  11:27  Roach  
  103  11:32  Roach x5  
  119  11:40  Roach x2  
  117  12:03  Roach x4  
  123  12:10  Nydus Network, Queen  
  124  12:22  Queen  
  126  12:35  Roach  
  128  12:46  Queen  
  128  12:48  Nydus Canal  
  130  13:07  Roach x9  
  148  13:14  Overlord x2  
  148  13:18  Nydus Canal  
  146  13:27  Overlord x2  
  142  13:53  Nydus Canal  
  136  14:01  Roach x3  
  142  14:04  Nydus Canal  
  128  14:18  Nydus Canal  
  124  14:25  Roach x2  
Tags
 
League
Master
Matchup
ZvZ
Player
Erik
Race
Zerg
Spawn Locations
Cross Positions
Add a new tag
Caveats
  • Supply blocks, unpowered buildings, or Contaminate may cause inaccurate times.
  • Supply counts are checked every 10 seconds.